 Dungeon Crawl Stone Soup version 0.30-a0-591-g3c58d2bc28 (webtiles) character file.

Game seed: 18007859273766755758

358 wormed the Changer (level 6, -1/61 HPs)
             Began as an Octopode Transmuter on Jan 4, 2023.
             Slain by a wraith (4 damage)
             ... in an ossuary.
             The game lasted 00:05:28 (4099 turns).

wormed the Changer (Octopode Transmuter)            Turns: 4099, Time: 00:05:29

Health: -1/61      AC: 23    Str: 10    XL:     6   Next: 64%
Magic:  7/10       EV:  2    Int: 17    God:
Gold:   129        SH:  0    Dex: 12    Spells: 3/10 levels left

rFire   . . .      SeeInvis +      - Unarmed
rCold   . . .      Faith    .    (no shield)
rNeg    . . .      Spirit   .    (helmet currently unavailable)
rPois   +          Reflect  .    (no amulet)
rElec   .          Harm     .    d - ring of wizardry
rCorr   .          Rampage  .    n - ring of see invisible
Will    .....      NoTele   +    (no ring)
Stlth   +                        (no ring)
HPRegen 0.30/turn                (no ring)
MPRegen 0.12/turn                (no ring)
                                 (no ring)
                                 (no ring)

@: tree-form, slowed, very slow
A: stationary, stasis, torment immunity, boosted hp, almost no armour,
(amphibious), 8 rings, (camouflage 1), (gelatinous body 1), (nimble swimmer 1),
(tentacles)
a: no special abilities


You were in an ossuary.
You were a tree.
You visited 1 branch of the dungeon, and saw 4 of its levels.
You also visited: Ossuary.

You collected 129 gold pieces.

Inventory:

Jewellery
 d - a ring of wizardry (left branch)
 n - a ring of see invisible (right branch)
Wands
 o - a wand of roots (3)
Scrolls
 f - a scroll of teleportation {unknown}
 m - a scroll of magic mapping
Potions
 a - 4 potions of lignification
 b - 2 potions of brilliance
 c - a potion of curing {unknown}
 e - a potion of degeneration {unknown}
 l - a potion of might {unknown}


   Skills:
 + Level 2.4 Fighting
 + Level 3.1 Dodging
 + Level 3.7 Unarmed Combat
 + Level 2.9 Spellcasting
 * Level 4.0 Transmutations
 + Level 2.1 Ice Magic


You had 3 spell levels left.
You knew the following spells:

 Your Spells              Type           Power      Damage    Failure   Level
a - Beastly Appendage     Tmut           32%        N/A       1%          1
b - Wereblood             Tmut           16%        N/A       1%          2
c - Ice Form              Ice/Tmut       13%        N/A       19%         4

Your spell library contained the following spells:

 Spells                   Type           Power      Damage    Failure   Level
 Freeze                   Ice            36%        1d5       3%          1
 Frozen Ramparts          Ice            18%        1d3       9%          3
 Spider Form              Tmut/Pois      9%         N/A       9%          3
 Hailstorm                Conj/Ice       6%         3d4       14%         3


Dungeon Overview and Level Annotations

Branches:
Dungeon (4/15)            Ossuary (1/1)
 Temple: D:4-7

Altars:

Annotations:
D:4 Robin


Innate Abilities, Weirdness & Mutations

You are a tree.
Your roots penetrate the ground, keeping you stationary.
You cannot be teleported.
You are immune to unholy pain and torment.
Your maximum health is greatly increased.
You cannot wear most types of armour.
((You are amphibious.))
You can wear up to eight rings at the same time.
((Your skin changes colour to match your surroundings (Stealth+).))
((Your rubbery body absorbs attacks. (AC +1, EV +1)))
((You are camouflaged when in or above water. (Stealth+)))
((You have tentacles for arms and can constrict up to eight enemies at once.))


Message History

You open the door. You open the door. You open the door.
A wraith comes into view.
Found a scroll labelled CARIDA OFUDOCVOS.
A wraith is nearby!
A wraith is nearby!
A wraith is nearby!
You tentacle-slap the wraith but do no damage.
The wraith closely misses you.
You tentacle-slap the wraith but do no damage.
The wraith completely misses you.
Casting: Ice Form (quite dangerous; 19% risk of failure)
Confirm with . or Enter, or press ? or * to list all spells.
The spell is quite dangerous to miscast (19% risk of failure)!
Continue anyway?
You turn into a creature of crystalline ice.
The wraith hits you! The wraith drains your vigour!
You feel yourself slow down.
You hit the wraith.
The wraith is lightly damaged.
The wraith closely misses you.
You hit the wraith. You freeze the wraith.
The wraith is moderately damaged.
The wraith hits you! The wraith drains your vigour!
You feel as though you will be slow longer.
The wraith hits you!
You hit the wraith but do no damage.
The wraith is moderately damaged.
The wraith hits you!
* * * LOW HITPOINT WARNING * * *
The wraith drains your vigour!
You feel as though you will be slow longer.
You punch the wraith! You freeze the wraith.
The wraith is heavily damaged.
The wraith completely misses you.
You warm up again.
You turn into a tree.
Your roots penetrate the ground.
The wraith hits you!
* * * LOW HITPOINT WARNING * * *
The wraith hits you.
You die...

##...###.............#.#......
##.....##......................
#...∩...'..####..####.....####.
#W#.......'..# +...#?'...8...'?#.
###...∩...'..####..####.....####.
##.....##......................
##...###.............#.#......
##.## #..####.......#'#...... ###
#..#?W♣...8...#.#...8.. #W#
#..####.......###......
#......................
#........#.#..#.#..#.#.
#..####..#+#..# #..#'#. #. +...#
#..# #..#.#.
..####..###..###..###.
#......................
#......................


You could see a wraith.

Vanquished Creatures
  Menkaure (D:4)
  A scorpion (D:4)
  A gnoll bouda (D:4)
  A mummy (Ossuary)
  3 gnolls (D:4)
  An adder (D:3)
  An ufetubus (D:3)
  A worm (D:2)
  3 dart slugs (D:3)
  An orc (D:2)
  7 ball pythons
  7 endoplasms
  4 giant cockroaches
  14 goblins
  6 hobgoblins
  3 jackals
  4 kobolds
  6 bats
  3 frilled lizards
  2 goblin zombies (Ossuary)
  2 hobgoblin zombies (Ossuary)
  6 kobold zombies (Ossuary)
  An orc zombie (Ossuary)
  6 rats
85 creatures vanquished.

Vanquished Creatures (others)
  5 toadstools (D:4)
5 creatures vanquished.

Grand Total: 90 creatures vanquished

Notes
Turn   | Place    | Note
-------+----------+-------------------------------------------
     0 | D:1      | wormed the Octopode Transmuter began the quest for the Orb.
     0 | D:1      | Reached XP level 1. HP: 13/13 MP: 3/3
   188 | D:1      | Reached XP level 2. HP: 18/18 MP: 3/5
   831 | D:1      | Reached XP level 3. HP: 23/23 MP: 4/6
   888 | D:2      | Learned a level 2 spell: Wereblood
  1403 | D:2      | Reached skill level 1 in Ice Magic
  2081 | D:3      | Reached XP level 4. HP: 28/28 MP: 3/7
  2086 | D:3      | Learned a level 4 spell: Ice Form
  2293 | D:3      | Reached skill level 3 in Transmutations
  3328 | D:4      | Noticed Menkaure
  3334 | D:4      | Found a sand-covered staircase.
  3348 | D:4      | Killed Menkaure
  3349 | D:4      | Reached XP level 5. HP: 20/34 MP: 8/8
  3433 | D:4      | Noticed Robin
  3443 | D:4      | Reached XP level 6. HP: 32/39 MP: 0/10
  3670 | D:4      | Reached skill level 4 in Transmutations
  3785 | Ossuary  | Entered an ossuary
  3785 | Ossuary  | Noticed a wraith
  3785 | Ossuary  | Noticed a wraith
  3785 | Ossuary  | Noticed a wraith
  4091 | Ossuary  | Noticed a wraith
  4099 | Ossuary  | HP: 3/61 [wraith (9)]
  4099 | Ossuary  | Slain by a wraith

Illustrated notes

Levels and vault maps discovered:
D:1:      dpeg_arrival_rooms_b, layout_loops_cross, minmay_heptomino_d4
D:2:      layout_basic
D:3:      layout_basic
D:4:      layout_layer_cave, gup_sewer_entry_pipe,
          nicolae_ossuary_entry_false_entrances, minmay_gold_behind_fungi,
          uniq_ijyb, uniq_sigmund, uniq_robin, uniq_menkaure
Ossuary:  ossuary_kennysheep_city_of_the_dead

Skill      XL: |  1  2  3  4  5  6 |
---------------+-------------------+-----
Ice Magic      | 1 2 |  2.1
Transmutations | 3 4 |  4.0
Fighting       | 2 |  2.4
Dodging        | 3 |  3.1
Unarmed Combat | |  3.7
Spellcasting   | |  2.9

Action                   |  1- 3 |  4- 6 || total
-------------------------+-------+-------++-------
Melee: Unarmed           |    93 |    83 ||   176
       Constrict         |    27 |     8 ||    35
       Kick              |    30 |     9 ||    39
       Tentacles         |    21 |     3 ||    24
       Punch             |     1 |       ||     1
 Cast: Beastly Appendage |    30 |     8 ||    38
       Wereblood         |    18 |     9 ||    27
       Ice Form          |       |     6 ||     6
  Use: Scroll            |       |     9 ||     9
       Potion            |       |     2 ||     2
 Stab: Sleeping          |     5 |       ||     5
Armor: Skin              |     6 |    22 ||    28
Dodge: Dodged            |    48 |    51 ||    99

Table legend: (Time is in decaauts)
 A = Elapsed time spent in this place.
 B = Non-inter-level travel time spent in this place.
 C = Inter-level travel time spent in this place.
 D = Time resting spent in this place.
 E = Time spent auto-exploring this place.
 F = Levels seen in this place.
 G = Mean time per level.
                   A        B        C        D        E       F      G
               +--------+--------+--------+--------+--------+-----+--------+
         Total |   4102 |   4076 |     26 |    728 |   2702 |   5 |  820.4 |
       Dungeon |   3788 |   3762 |     26 |    728 |   2454 |   4 |  947.0 |
       Ossuary |    313 |    313 |      0 |      0 |    248 |   1 |  313.0 |
               +--------+--------+--------+--------+--------+-----+--------+

Top non-repeatable levels by time:
     D:3: 1647 daAuts
     D:2: 913 daAuts
     D:1: 870 daAuts
     D:4: 357 daAuts
 Ossuary: 313 daAuts
